AoeStats
← julio_cc53

QS Arena

503685230Analyzed
4v4 RM · 1mo ago on Sep 1, 2026· 43m 0s· 8 players
Game mode
Random Map
Map size
Large (8 player)
Population
200
Speed
Normal
Resources
Standard
Victory
Conquest
Starting age
Dark Age
Ending age
Imperial Age
RankedLock teamsTeams togetherTeam positionsShared explorationLock speedFull tech treeHidden civsTurbo modeCheats
Victory
Defeat
🇹🇼 Gurjaras · Taiwan
1117
+13
🇲🇽 Ethiopians · Mexico
1112
+14
🇺🇸 Lithuanians · United States
1086
+15
🇦🇷 Franks · Argentina
1059
+16
🇬🇧 Berbers · United Kingdom
1093
-16
🇪🇸 Mongols · Spain
1058
-14
🇵🇱 Italians · Poland
1051
-14
🇩🇪 Teutons · Germany
1039
-14
julio_cc53
7:25 Feudal Age
11:10 Castle Age
10:07 Double-Bit Axe
10:27 Gold Mining
10:49 Horse Collar
22:22 Fletching
23:39 Wheelbarrow
31:01 Imperial Age
28:51 Bodkin Arrow
28:57 Padded Archer Armor
30:09 Gold Shaft Mining
30:40 Leather Archer Armor
30:39 Heavy Plow
30:53 Bow Saw
31:22 Hand Cart
31:44 Ballistics
32:05 Conscription
32:24 Bracer
33:28 Bloodlines
34:29 Husbandry
40:40 Light Cavalry
41:08 Heavy Scorpion
monkeyfromibiza
8:34 Feudal Age
7:14 Loom
9:43 Double-Bit Axe
9:42 Horse Collar
10:40 Wheelbarrow
15:38 Castle Age
14:11 Stone Mining
14:53 Gold Mining
16:35 Hand Cart
16:50 Scale Mail Armor
22:40 Chain Mail Armor
22:35 Forging
23:54 Heavy Plow
25:17 Bow Saw
25:45 Iron Casting
30:25 Imperial Age
27:44 Town Watch
27:44 Man-at-Arms
29:09 Pikeman
29:50 Squires
29:36 Arson
29:12 Long Swordsman
31:44 Plate Mail Armor
31:12 Two-Handed Swordsman
31:37 Gambesons
32:46 Crop Rotation
33:28 Two-Man Saw
32:44 Champion
33:28 Elite Teutonic Knight
34:47 Bloodlines
34:20 Cavalier
36:06 Scale Barding Armor
37:02 Blast Furnace
35:48 Halberdier
36:27 Paladin
40:05 Fortified Wall
40:44 Chain Barding Armor
40:52 Masonry
I Raided Riley
7:47 Loom
9:37 Feudal Age
11:24 Double-Bit Axe
11:23 Horse Collar
14:23 Castle Age
17:33 Heavy Plow
19:15 Bow Saw
20:46 Loom
22:27 Wheelbarrow
23:43 Gold Mining
23:43 Stone Mining
24:17 Hand Cart
24:36 Fletching
24:46 Town Watch
26:10 Ballistics
26:02 Careening
29:00 Imperial Age
26:37 Bodkin Arrow
26:43 Padded Archer Armor
26:41 Murder Holes
26:59 Masonry
27:29 Coinage
28:43 Stone Shaft Mining
28:21 Fortified Wall
28:25 Treadmill Crane
29:02 Leather Archer Armor
28:59 Forging
29:10 Scale Mail Armor
29:15 Scale Barding Armor
29:17 Elite Genoese Crossbowman
31:00 Chemistry
30:01 Bracer
31:55 Architecture
33:59 Banking
33:58 Thumb Ring
35:54 Hoardings
37:41 Conscription
42:47 Ring Archer Armor
Horahlooks
9:18 Feudal Age
13:08 Castle Age
11:26 Double-Bit Axe
11:22 Horse Collar
14:08 Bow Saw
14:29 Loom
18:19 Wheelbarrow
20:02 Heavy Plow
27:08 Imperial Age
24:06 Man-at-Arms
24:47 Squires
24:50 Scale Mail Armor
25:19 Long Swordsman
26:40 Chain Mail Armor
25:53 Long Swordsman
26:44 Forging
26:53 Fortified Wall
27:31 Fletching
27:42 Padded Archer Armor
27:54 Bloodlines
27:45 Husbandry
28:23 Conscription
27:34 Two-Handed Swordsman
29:14 Conscription
29:19 Arson
29:28 Champion
30:42 Kasbah
33:23 Scale Barding Armor
32:47 Heavy Camel Rider
38:34 Chemistry
37:02 Light Cavalry
38:13 Hussar
40:36 Bodkin Arrow
40:48 Town Watch
41:19 Hand Cart
Apolión
7:34 Feudal Age
12:14 Castle Age
10:03 Double-Bit Axe
10:22 Horse Collar
13:16 Bow Saw
13:35 Heavy Plow
20:55 Wheelbarrow
23:37 Gold Mining
23:55 Loom
23:56 Town Watch
24:39 Hand Cart
25:47 Fletching
25:57 Padded Archer Armor
25:20 Crossbowman
26:36 Thumb Ring
26:28 Bodkin Arrow
29:40 Imperial Age
29:01 Gold Shaft Mining
29:00 Ballistics
29:38 Coinage
29:27 Leather Archer Armor
31:21 Chemistry
29:43 Arbalester
30:33 Siege Engineers
30:34 Torsion Engines
31:40 Conscription
32:45 Bracer
34:01 Ring Archer Armor
39:43 Royal Heirs
39:06 Elite Shotel Warrior
39:52 Capped Ram
Pegasus
8:50 Feudal Age
14:13 Castle Age
12:41 Double-Bit Axe
12:51 Horse Collar
15:31 Bow Saw
18:05 Fervor
22:46 Heavy Plow
24:01 Wheelbarrow
25:49 Hand Cart
25:20 Loom
25:21 Town Watch
29:31 Imperial Age
28:47 Forging
28:43 Scale Barding Armor
30:05 Iron Casting
29:41 Elite Leitis
30:43 Conscription
30:46 Bloodlines
30:38 Husbandry
30:00 Light Cavalry
31:02 Chain Barding Armor
32:23 Winged Hussar
33:40 Plate Barding Armor
marshonginn
2:45 Loom
9:23 Feudal Age
10:00 Double-Bit Axe
12:38 Horse Collar
15:58 Castle Age
13:52 Gold Mining
14:50 Stone Mining
16:50 Husbandry
17:30 Stone Shaft Mining
17:10 Bow Saw
21:18 Wheelbarrow
21:54 Forging
22:25 Town Watch
23:32 Bloodlines
27:26 Scale Barding Armor
28:34 Light Cavalry
32:02 Imperial Age
30:05 Kshatriyas
31:15 Iron Casting
30:37 Arson
31:43 Chain Barding Armor
31:24 Scale Mail Armor
31:58 Hand Cart
32:06 Heavy Plow
32:40 Elite Chakram Thrower
35:38 Conscription
35:24 Heavy Camel Rider
40:15 Town Patrol
40:49 Chain Mail Armor
40:20 Siege Elephant
42:07 Chemistry
42:48 Plate Mail Armor
djsuperguillermo
9:56 Feudal Age
13:31 Castle Age
12:04 Double-Bit Axe
25:59 Imperial Age
23:17 Loom
24:17 Wheelbarrow
24:13 Gold Mining
24:34 Husbandry
23:55 Light Cavalry
24:44 Scale Barding Armor
24:56 Forging
26:01 Chain Barding Armor
27:03 Iron Casting
28:08 Chemistry
26:52 Cavalier
28:07 Hand Cart
28:16 Paladin
35:51 Gold Shaft Mining
35:55 Plate Barding Armor
36:21 Blast Furnace
35:22 Padded Archer Armor
35:13 Fletching
35:39 Heavy Scorpion
35:55 Elite Skirmisher
Connection lost

Rejoining the realm…

Still unreachable

The connection could not be restored.

Session expired

The server has moved on; the page needs a fresh start.